Kings vs Islanders
(R1)
Created - November 15, 2020 at 19:06
Goals
|
| Kings |
1 |
0 |
1 |
2 |
| Islanders |
0 |
1 |
3 |
4 |
|
Shots
|
| Kings |
10 |
11 |
9 |
30 |
| Islanders |
11 |
6 |
17 |
34 |
|
1st period
1. Kings , Nathan MacKinnon 3 (Gabriel Landeskog 7, Anze Kopitar 5) at 12:49 (PP)
Penalties :
Zac Rinaldo (NYI) for Hooking (Minor) at 12:42, Justin Falk (NYI) for Hooking (Minor) at 18:05
2nd period
2. Islanders , Vladimir Tarasenko 3 (Evander Kane 5, Joe Thornton 3) at 0:18
Penalties :
Jay Bouwmeester (NYI) for Elbowing (Minor) at 2:59, Dustin Byfuglien (NYI) for Hooking (Minor) at 5:41, Brandon Yip (LAK) for Hooking (Minor) at 11:03, Vitaly Vishnevsky (LAK) for Roughing (Minor) at 14:54, Adam Larsson (LAK) for Tripping (Minor) at 17:48
3rd period
3. Kings , Nathan MacKinnon 4 (Tom Wilson 1, Gabriel Landeskog 8) at 0:36 (PP)
4. Islanders , Tomas Plekanec 3 (Adam Pineault 2) at 3:25
5. Islanders , Carl Klingberg 2 (Ryan Ellis 11, Adam Pineault 3) at 5:42
6. Islanders , Joe Thornton 3 (Evander Kane 6, Justin Falk 2) at 19:20 (Empty Net)
Penalties :
Joe Thornton (NYI) for Holding (Minor) at 0:22, Teuvo Teravainen (LAK) for Tripping (Minor) at 1:05, Evander Kane (NYI) for Hooking (Minor) at 8:27, Justin Falk (NYI) for Holding (Minor) at 8:39
Goalie Stats
Robin Lehner (LAK), 30 saves from 33 shots - (0.909), L, 3-5-2, 59:40 minutes
Jonathan Quick (NYI), 28 saves from 30 shots - (0.933), W, 7-3-0, 60:00 minutes
Players Stats for Kings
Player Name G A P +/- PIM S H SB GA TA FO MP PP MP PK MP
------------------------------------------------------------------------------------
Adam Larsson 0 0 0 -2 2 0 2 1 1 0 0/0 24:49 3:12 2:34
Anze Kopitar 0 1 1 -1 0 2 1 1 0 0 6/13 19:37 5:17 0:10
Brandon Yip 0 0 0 -2 2 2 1 0 1 1 1/1 12:50 0:01 0:00
Cal Clutterbuck 0 0 0 0 0 2 2 0 1 1 0/0 10:17 0:00 4:38
Darnell Nurse 0 0 0 0 0 0 0 0 0 0 0/0 0:28 0:00 0:00
Eric Gelinas 0 0 0 -1 0 2 1 1 1 1 0/0 24:23 5:17 2:43
Eric Nystrom 0 0 0 -1 0 4 0 0 0 0 1/3 9:36 0:00 2:40
Gabriel Landeskog 0 2 2 -3 0 1 2 0 0 0 1/3 20:19 4:44 1:26
Gilbert Brule 0 0 0 -2 0 4 6 0 2 0 4/22 16:17 3:45 0:00
Jake McCabe 0 0 0 -2 0 1 2 0 0 1 0/0 23:41 3:12 4:47
Jeff Schultz 0 0 0 -2 0 0 2 3 0 2 0/0 26:24 0:00 5:13
Matt Martin 0 0 0 -1 0 2 1 0 0 0 0/0 13:28 0:01 2:22
Mike Comrie 0 0 0 0 0 0 0 0 0 0 2/8 10:16 0:00 4:37
Nathan MacKinnon 2 0 2 0 0 5 1 0 0 0 11/19 14:53 4:43 0:00
Niclas Bergfors 0 0 0 -1 0 1 2 2 0 0 0/1 17:39 3:45 0:00
Teuvo Teravainen 0 0 0 -1 2 3 2 0 0 0 0/0 17:26 3:45 0:00
Tom Wilson 0 1 1 0 0 0 1 0 0 1 0/0 14:53 4:43 0:00
Vitaly Vishnevsky 0 0 0 -1 2 1 0 1 0 0 0/0 14:44 0:00 0:34
Players Stats for Islanders
Player Name G A P +/- PIM S H SB GA TA FO MP PP MP PK MP
------------------------------------------------------------------------------------
Adam Pineault 0 2 2 2 0 1 2 0 0 1 0/0 8:44 0:00 0:00
Carl Klingberg 1 0 1 2 0 2 0 0 0 0 0/0 10:04 0:00 1:20
David Legwand 0 0 0 0 0 2 0 0 0 1 6/10 17:06 3:29 2:14
Dustin Byfuglien 0 0 0 0 2 1 0 0 0 1 0/0 15:55 0:00 2:31
Evander Kane 0 2 2 2 2 4 1 1 0 0 3/3 22:31 4:27 3:43
Fedor Tyutin 0 0 0 1 0 1 2 0 1 1 0/0 20:30 4:42 1:25
Jay Bouwmeester 0 0 0 2 2 4 2 0 0 1 0/0 23:15 3:14 1:08
Jiri Hudler 0 0 0 0 0 0 0 0 1 0 0/0 9:30 0:00 0:00
Joe Thornton 1 1 2 2 2 5 1 0 1 0 17/31 22:45 4:27 4:21
Justin Falk 0 1 1 2 4 0 0 1 0 0 0/0 13:48 0:00 2:36
Maxim Talbot 0 0 0 0 0 2 0 0 1 0 9/14 11:24 0:00 1:54
Mike Brown 0 0 0 0 0 1 2 0 2 0 1/2 14:28 3:29 0:00
Ryan Ellis 0 1 1 2 0 1 0 1 0 1 0/0 28:29 4:42 5:02
T.J. Fast 0 0 0 1 0 0 2 1 0 0 0/0 18:30 3:14 4:15
Tomas Fleischmann 0 0 0 0 0 0 1 0 0 0 0/1 13:11 3:29 0:00
Tomas Plekanec 1 0 1 2 0 1 0 0 0 0 4/5 8:44 0:00 0:00
Vladimir Tarasenko 1 0 1 2 0 8 2 0 0 0 1/1 18:18 4:27 0:00
Zac Rinaldo 0 0 0 0 2 1 2 0 1 0 3/3 12:25 0:00 1:39
3 Stars
1 - Vladimir Tarasenko (NYI)
2 - Adam Pineault (NYI)
3 - Joe Thornton (NYI)
Power Play
Kings - 2 on 7 Attempt(s) - 28.57%
Islanders - 0 on 4 Attempt(s) - 0.00%
Penalty Kill
Kings - 4 on 4 Attempt(s) - 100.00%
- Score 0 goal in Penalty Kill
Islanders - 5 on 7 Attempt(s) - 71.43%
- Score 0 goal in Penalty Kill
Team Stat
Kings - Hits : 26 - Faceoff Wins : 26 - Blocked Shots : 9 - Penalty Minutes : 8
Islanders - Hits : 17 - Faceoff Wins : 44 - Blocked Shots : 4 - Penalty Minutes : 14
Official
Referees : Unknown
Linesman : Unknown
Game Notes
Darnell Nurse is injured at 0:27 of 1st period (Left Hip)
Joe Thornton has scored in a empty net!
Finance
Level 1 -- Attendance: 4318 (71.97%) -- Ticket Income $496,570
Level 2 -- Attendance: 5000 (100.00%) -- Ticket Income $325,000
Level 3 -- Attendance: 1472 (73.60%) -- Ticket Income $66,240
Level 4 -- Attendance: 2851 (71.28%) -- Ticket Income $99,785
Luxury Box -- Attendance: 811 (81.10%) -- Ticket Income $162,200
Game was played at the Barclay center.
Total Attendance: 14452 (80.29%)
Total Ticket Income: $1,149,795
Other Income: $172,469
Total Income: $1,322,264
Kings
5 vs 5 Forward
Center Left Wing Right Wing Time % Phy DF OF
1 Gilbert Brule Gabriel Landeskog Brandon Yip 35 1 2 2
2 Anze Kopitar Teuvo Teravainen Niclas Bergfors 35 1 2 2
3 Nathan MacKinnon Matt Martin Tom Wilson 25 1 2 2
4 Mike Comrie Eric Nystrom Cal Clutterbuck 5 2 2 1
5 vs 5 Defense
Defense Defense Time % Phy DF OF
1 Darnell Nurse Eric Gelinas 35 1 2 2
2 Jeff Schultz Jake McCabe 35 1 2 2
3 Vitaly Vishnevsky Adam Larsson 30 1 3 1
4 Vitaly Vishnevsky Jake McCabe 0 1 3 1
PowerPlay Forward
Center Left Wing Right Wing Time % Phy DF OF
1 Nathan MacKinnon Gabriel Landeskog Tom Wilson 60 0 1 4
2 Gilbert Brule Teuvo Teravainen Niclas Bergfors 40 0 1 4
PowerPlay Defense
Defense Defense Time % Phy DF OF
1 Anze Kopitar Eric Gelinas 60 0 3 2
2 Jake McCabe Darnell Nurse 40 1 2 2
Penalty Kill 4 Players Forward
Center Wing Time % Phy DF OF
1 Mike Comrie Cal Clutterbuck 60 1 3 1
2 Eric Nystrom Matt Martin 40 1 3 1
Penalty Kill 4 Players Defense
Defense Defense Time % Phy DF OF
1 Darnell Nurse Jeff Schultz 60 1 4 0
2 Eric Gelinas Adam Larsson 40 1 4 0
Penalty Kill - 3 Players Forward
Forward Time % Phy DF OF
1 Anze Kopitar 60 1 3 1
2 Gabriel Landeskog 40 1 3 1
Penalty Kill - 3 Players Defense
Defense Defense Time % Phy DF OF
1 Jeff Schultz Darnell Nurse 60 1 4 0
2 Eric Gelinas Adam Larsson 40 1 4 0
4 vs 4 Forward
Center Wing Time % Phy DF OF
1 Anze Kopitar Gabriel Landeskog 60 1 2 2
2 Nathan MacKinnon Matt Martin 40 1 2 2
4 vs 4 Defense
Defense Defense Time % Phy DF OF
1 Darnell Nurse Eric Gelinas 60 1 2 2
2 Jeff Schultz Jake McCabe 40 1 2 2
Last Minutes Offensive
Center Left Wing Right Wing Defense Defense
Anze Kopitar Gabriel Landeskog Niclas Bergfors Adam Larsson Eric Gelinas
Last Minutes Defensive
Center Left Wing Right Wing Defense Defense
Anze Kopitar Gabriel Landeskog Cal Clutterbuck Darnell Nurse Jeff Schultz
Goaltenders
Starting : Robin Lehner
Backup : Antti Niemi
Extra Forwards
Normal : Anze Kopitar, Gilbert Brule, Nathan MacKinnon - PP : Matt Martin, Gilbert Brule - PK : Gabriel Landeskog
Extra Defensemen
Normal : Jeff Schultz, Eric Gelinas, Darnell Nurse - PP : Darnell Nurse - PK : Jake McCabe, Vitaly Vishnevsky
Penalty Shots
Anze Kopitar, Gilbert Brule, Niclas Bergfors, Matt Martin, Brandon Yip
Scratches
Matt Greene (Healthy), Peter Regin (Healthy)
Islanders
5 vs 5 Forward
Center Left Wing Right Wing Time % Phy DF OF
1 Joe Thornton Evander Kane Vladimir Tarasenko 40 2 1 2
2 David Legwand Zac Rinaldo Mike Brown 25 1 2 2
3 Maxim Talbot Tomas Fleischmann Jiri Hudler 22 1 2 2
4 Tomas Plekanec Carl Klingberg Adam Pineault 13 1 2 2
5 vs 5 Defense
Defense Defense Time % Phy DF OF
1 Ryan Ellis Jay Bouwmeester 43 1 1 3
2 Fedor Tyutin Dustin Byfuglien 32 2 1 2
3 T.J. Fast Justin Falk 25 2 2 1
4 Ryan Ellis Fedor Tyutin 0 1 2 2
PowerPlay Forward
Center Left Wing Right Wing Time % Phy DF OF
1 Joe Thornton Evander Kane Vladimir Tarasenko 60 0 1 4
2 David Legwand Tomas Fleischmann Mike Brown 40 0 1 4
PowerPlay Defense
Defense Defense Time % Phy DF OF
1 Ryan Ellis Fedor Tyutin 60 0 2 3
2 Jay Bouwmeester T.J. Fast 40 0 2 3
Penalty Kill 4 Players Forward
Center Wing Time % Phy DF OF
1 Joe Thornton Evander Kane 60 2 3 0
2 Maxim Talbot Zac Rinaldo 40 2 3 0
Penalty Kill 4 Players Defense
Defense Defense Time % Phy DF OF
1 Ryan Ellis Justin Falk 60 1 3 1
2 Dustin Byfuglien T.J. Fast 40 2 2 1
Penalty Kill - 3 Players Forward
Forward Time % Phy DF OF
1 Evander Kane 60 1 2 2
2 Tomas Plekanec 40 1 2 2
Penalty Kill - 3 Players Defense
Defense Defense Time % Phy DF OF
1 Ryan Ellis Justin Falk 60 1 2 2
2 Jay Bouwmeester T.J. Fast 40 1 2 2
4 vs 4 Forward
Center Wing Time % Phy DF OF
1 Joe Thornton Vladimir Tarasenko 60 1 1 3
2 Maxim Talbot Evander Kane 40 1 1 3
4 vs 4 Defense
Defense Defense Time % Phy DF OF
1 Ryan Ellis Jay Bouwmeester 60 1 2 2
2 Fedor Tyutin T.J. Fast 40 1 2 2
Last Minutes Offensive
Center Left Wing Right Wing Defense Defense
Joe Thornton Evander Kane Vladimir Tarasenko Ryan Ellis Fedor Tyutin
Last Minutes Defensive
Center Left Wing Right Wing Defense Defense
Joe Thornton Evander Kane Vladimir Tarasenko Ryan Ellis Fedor Tyutin
Goaltenders
Starting : Jonathan Quick
Backup : Julien Ellis
Extra Forwards
Normal : Evander Kane, Maxim Talbot, Mike Brown - PP : Evander Kane, Zac Rinaldo - PK : Evander Kane
Extra Defensemen
Normal : Ryan Ellis, Justin Falk, Jay Bouwmeester - PP : Ryan Ellis - PK : Justin Falk, T.J. Fast
Penalty Shots
Evander Kane, Vladimir Tarasenko, Maxim Talbot, Dustin Byfuglien, Joe Thornton
Scratches
R.J. Umberger (Healthy)
% Time on Ice - Kings
Lines # - Real PCT - Wanted PCT - Time Play
Normal Forward
1 - 30% - 35% - 13:07
2 - 33% - 35% - 14:23
3 - 23% - 25% - 9:53
4 - 13% - 5% - 5:39
Normal Defense
1 - 36% - 35% - 15:23
2 - 34% - 35% - 14:37
3 - 27% - 30% - 11:30
4 - 4% - 0% - 1:32
PP Forward
1 - 56% - 60% - 4:44
2 - 44% - 40% - 3:45
PP Defense
1 - 62% - 60% - 5:17
2 - 38% - 40% - 3:12
PK Forward
1 - 70% - 60% - 5:34
2 - 30% - 40% - 2:22
PK Defense
1 - 71% - 60% - 5:38
2 - 29% - 40% - 2:18
PK3 Forward
1 - 0% - 60%
2 - 0% - 40%
PK3 Defense
1 - 0% - 60%
2 - 0% - 40%
44 Forward
1 - 0% - 60%
2 - 0% - 40%
44 Defense
1 - 0% - 60%
2 - 0% - 40%
Last Minute Offensive - 0:33
Last Minute Defensive - 0:00
Total
Forward - 60:00
Defense - 60:00
|
% Time on Ice - Islanders
Lines # - Real PCT - Wanted PCT - Time Play
Normal Forward
1 - 32% - 40% - 13:52
2 - 25% - 25% - 10:59
3 - 22% - 22% - 9:30
4 - 20% - 13% - 8:44
Normal Defense
1 - 44% - 43% - 18:46
2 - 33% - 32% - 14:21
3 - 23% - 25% - 9:58
4 - 0% - 0% - 0:00
PP Forward
1 - 56% - 60% - 4:27
2 - 44% - 40% - 3:29
PP Defense
1 - 59% - 60% - 4:42
2 - 41% - 40% - 3:14
PK Forward
1 - 75% - 60% - 5:03
2 - 25% - 40% - 1:39
PK Defense
1 - 63% - 60% - 4:15
2 - 37% - 40% - 2:27
PK3 Forward
1 - 100% - 60% - 1:47
2 - 0% - 40% - 0:00
PK3 Defense
1 - 68% - 60% - 1:13
2 - 32% - 40% - 0:34
44 Forward
1 - 0% - 60%
2 - 0% - 40%
44 Defense
1 - 0% - 60%
2 - 0% - 40%
Last Minute Offensive - 0:00
Last Minute Defensive - 0:30
Total
Forward - 60:00
Defense - 60:00
|
Play-by-Play
1st period
0:01 of 1st period - Joe Thornton wins face-off versus Gilbert Brule in neutral zone.
0:26 of 1st period - Darnell Nurse is hit by Mike Brown and loses puck.
0:27 of 1st period - Darnell Nurse from Kings is injured at 0:27 of 1st period (Left Hip).
0:28 of 1st period - Maxim Talbot wins face-off versus Nathan MacKinnon in Kings zone.
0:40 of 1st period - Icing by Jeff Schultz.
0:41 of 1st period - Nathan MacKinnon wins face-off versus Tomas Plekanec in Kings zone.
1:04 of 1st period - Backhand shot by Nathan MacKinnon.
1:04 of 1st period - Stopped by Jonathan Quick with a rebound.
1:06 of 1st period - Wrist shot by Jake McCabe.
1:06 of 1st period - Stopped by Jonathan Quick with a rebound.
1:08 of 1st period - Wrist shot by Matt Martin.
1:08 of 1st period - Stopped by Jonathan Quick with a rebound.
1:10 of 1st period - Wrist shot by Nathan MacKinnon.
1:10 of 1st period - Deflect By Matt Martin.
1:10 of 1st period - Stopped by Jonathan Quick without a rebound.
1:11 of 1st period - Mike Brown wins face-off versus Anze Kopitar in Islanders zone.
1:26 of 1st period - Snap shot by David Legwand.
1:26 of 1st period - Shot Misses the Net.
1:59 of 1st period - Slapshot by Eric Nystrom.
1:59 of 1st period - Stopped by Jonathan Quick without a rebound.
2:00 of 1st period - Maxim Talbot wins face-off versus Mike Comrie in Islanders zone.
2:17 of 1st period - Jiri Hudler is hit by Jake McCabe and loses puck.
2:30 of 1st period - Snap shot by Mike Comrie.
2:30 of 1st period - Shot Blocked by Ryan Ellis.
2:40 of 1st period - Wrist shot by Mike Comrie.
2:40 of 1st period - Shot Misses the Net.
2:50 of 1st period - Wrist shot by Eric Nystrom.
2:50 of 1st period - Stopped by Jonathan Quick without a rebound.
2:51 of 1st period - Anze Kopitar wins face-off versus Joe Thornton in Islanders zone.
3:02 of 1st period - Snap shot by Vladimir Tarasenko.
3:02 of 1st period - Stopped by Robin Lehner without a rebound.
3:03 of 1st period - Anze Kopitar wins face-off versus David Legwand in Kings zone.
3:22 of 1st period - Jeff Schultz is hit by Fedor Tyutin and loses puck.
3:33 of 1st period - Slapshot by Fedor Tyutin.
3:33 of 1st period - Deflect By Anze Kopitar.
3:33 of 1st period - Stopped by Robin Lehner without a rebound.
3:34 of 1st period - Tomas Plekanec wins face-off versus Gilbert Brule in Kings zone.
3:45 of 1st period - Snap shot by Gilbert Brule.
3:45 of 1st period - Shot Misses the Net.
4:01 of 1st period - Icing by Nathan MacKinnon.
4:02 of 1st period - Joe Thornton wins face-off versus Nathan MacKinnon in Kings zone.
4:09 of 1st period - Wrist shot by Vladimir Tarasenko.
4:09 of 1st period - Deflect By Joe Thornton.
4:09 of 1st period - Stopped by Robin Lehner with a rebound.
4:16 of 1st period - Off-side.
4:17 of 1st period - David Legwand wins face-off versus Gilbert Brule in neutral zone.
4:20 of 1st period - Jay Bouwmeester is hit by Gilbert Brule and loses puck.
4:50 of 1st period - Snap shot by Joe Thornton.
4:50 of 1st period - Shot Blocked by Anze Kopitar.
5:03 of 1st period - Off-side.
5:04 of 1st period - Maxim Talbot wins face-off versus Nathan MacKinnon in neutral zone.
5:15 of 1st period - Snap shot by T.J. Fast.
5:15 of 1st period - Shot Misses the Net.
5:35 of 1st period - Vitaly Vishnevsky is hit by Vladimir Tarasenko and loses puck.
6:12 of 1st period - Slapshot by Anze Kopitar.
6:12 of 1st period - Stopped by Jonathan Quick with a rebound.
6:26 of 1st period - Snap shot by Cal Clutterbuck.
6:26 of 1st period - Stopped by Jonathan Quick with a rebound.
6:38 of 1st period - Snap shot by Vladimir Tarasenko.
6:38 of 1st period - Stopped by Robin Lehner without a rebound.
6:39 of 1st period - Nathan MacKinnon wins face-off versus Joe Thornton in Kings zone.
7:20 of 1st period - Jeff Schultz is hit by Fedor Tyutin and loses puck.
7:29 of 1st period - Wrist shot by Nathan MacKinnon.
7:29 of 1st period - Shot Misses the Net.
7:31 of 1st period - Wrist shot by Tom Wilson.
7:31 of 1st period - Shot Misses the Net.
7:56 of 1st period - Slapshot by Vladimir Tarasenko.
7:56 of 1st period - Stopped by Robin Lehner without a rebound.
7:57 of 1st period - David Legwand wins face-off versus Gilbert Brule in Kings zone.
8:04 of 1st period - Mike Brown is hit by Eric Gelinas and loses puck.
8:32 of 1st period - Teuvo Teravainen is hit by T.J. Fast and loses puck.
8:47 of 1st period - Mike Comrie is hit by Adam Pineault.
8:48 of 1st period - Icing by Mike Comrie.
8:49 of 1st period - Tomas Plekanec wins face-off versus Mike Comrie in Kings zone.
9:22 of 1st period - Gabriel Landeskog is hit by T.J. Fast and loses puck.
10:00 of 1st period - Adam Pineault is hit by Tom Wilson and loses puck.
10:19 of 1st period - Fedor Tyutin is hit by Brandon Yip and loses puck.
10:38 of 1st period - Adam Larsson is hit by Mike Brown and loses puck.
11:02 of 1st period - Vitaly Vishnevsky is hit by Jay Bouwmeester and loses puck.
11:14 of 1st period - Icing by Jay Bouwmeester.
11:15 of 1st period - Maxim Talbot wins face-off versus Nathan MacKinnon in Islanders zone.
11:44 of 1st period - Snap shot by David Legwand.
11:44 of 1st period - Stopped by Robin Lehner with a rebound.
11:46 of 1st period - Slapshot by Ryan Ellis.
11:46 of 1st period - Deflect By Mike Brown.
11:46 of 1st period - Stopped by Robin Lehner with a rebound.
11:48 of 1st period - Slapshot by Jay Bouwmeester.
11:48 of 1st period - Stopped by Robin Lehner without a rebound.
11:49 of 1st period - Anze Kopitar wins face-off versus Mike Brown in Kings zone.
12:08 of 1st period - Icing by Mike Brown.
12:09 of 1st period - Zac Rinaldo wins face-off versus Gilbert Brule in Islanders zone.
12:13 of 1st period - Mike Brown is hit by Gabriel Landeskog and loses puck.
12:36 of 1st period - David Legwand is hit by Matt Martin and loses puck.
12:42 of 1st period - Minor Penalty to Zac Rinaldo for Hooking.
12:43 of 1st period - Nathan MacKinnon wins face-off versus Joe Thornton in Islanders zone.
12:49 of 1st period - Snap shot by Nathan MacKinnon.
12:49 of 1st period - Goal by Nathan MacKinnon - Kings : 1 - Islanders : 0.
12:50 of 1st period - Anze Kopitar wins face-off versus Joe Thornton in neutral zone.
14:16 of 1st period - Wrist shot by Joe Thornton.
14:16 of 1st period - Stopped by Robin Lehner without a rebound.
14:17 of 1st period - Gilbert Brule wins face-off versus Maxim Talbot in Kings zone.
15:29 of 1st period - Tom Wilson is hit by Adam Pineault and loses puck.
15:56 of 1st period - Off-side.
15:57 of 1st period - Gilbert Brule wins face-off versus Maxim Talbot in neutral zone.
17:02 of 1st period - Wrist shot by Maxim Talbot.
17:02 of 1st period - Stopped by Robin Lehner with a rebound.
17:27 of 1st period - Snap shot by Eric Nystrom.
17:27 of 1st period - Deflect By Cal Clutterbuck.
17:27 of 1st period - Stopped by Jonathan Quick with a rebound.
17:37 of 1st period - Niclas Bergfors is hit by Joe Thornton and loses puck.
17:42 of 1st period - Snap shot by Vladimir Tarasenko.
17:42 of 1st period - Stopped by Robin Lehner with a rebound.
17:44 of 1st period - Slapshot by Vladimir Tarasenko.
17:44 of 1st period - Shot Misses the Net.
17:54 of 1st period - Adam Pineault is hit by Gabriel Landeskog and loses puck.
17:59 of 1st period - Snap shot by Gilbert Brule.
17:59 of 1st period - Shot Blocked by Justin Falk.
18:05 of 1st period - Minor Penalty to Justin Falk for Hooking.
18:06 of 1st period - Nathan MacKinnon wins face-off versus Joe Thornton in Islanders zone.
18:45 of 1st period - Maxim Talbot is hit by Adam Larsson and loses puck.
Goals for this period are 1 for Kings vs 0 for Islanders.
Shots for this period are 10 for Kings vs 11 for Islanders.
2nd period
0:01 of 2nd period - Nathan MacKinnon wins face-off versus Joe Thornton in neutral zone.
0:05 of 2nd period - Penalty to Justin Falk is over, Justin Falk is back on ice.
0:06 of 2nd period - Snap shot by Gabriel Landeskog.
0:06 of 2nd period - Shot Misses the Net.
0:08 of 2nd period - Slapshot by Eric Gelinas.
0:08 of 2nd period - Stopped by Jonathan Quick with a rebound.
0:10 of 2nd period - Slapshot by Eric Gelinas.
0:10 of 2nd period - Stopped by Jonathan Quick without a rebound.
0:11 of 2nd period - Joe Thornton wins face-off versus Gilbert Brule in Islanders zone.
0:18 of 2nd period - Wrist shot by Vladimir Tarasenko.
0:18 of 2nd period - Goal by Vladimir Tarasenko - Kings : 1 - Islanders : 1.
0:19 of 2nd period - Joe Thornton wins face-off versus Gilbert Brule in neutral zone.
0:21 of 2nd period - Off-side.
0:22 of 2nd period - Evander Kane wins face-off versus Gilbert Brule in neutral zone.
0:39 of 2nd period - Wrist shot by Brandon Yip.
0:39 of 2nd period - Stopped by Jonathan Quick without a rebound.
0:40 of 2nd period - Maxim Talbot wins face-off versus Anze Kopitar in Islanders zone.
1:14 of 2nd period - Gilbert Brule is hit by Jay Bouwmeester and loses puck.
1:54 of 2nd period - Wrist shot by Eric Nystrom.
1:54 of 2nd period - Stopped by Jonathan Quick without a rebound.
1:55 of 2nd period - Joe Thornton wins face-off versus Gilbert Brule in Islanders zone.
1:55 of 2nd period - Joe Thornton is hit by Gilbert Brule.
2:03 of 2nd period - Slapshot by Vladimir Tarasenko.
2:03 of 2nd period - Deflect By Joe Thornton.
2:03 of 2nd period - Stopped by Robin Lehner with a rebound.
2:09 of 2nd period - Dustin Byfuglien is hit by Gilbert Brule and loses puck.
2:37 of 2nd period - Teuvo Teravainen is hit by Tomas Fleischmann and loses puck.
2:54 of 2nd period - Snap shot by Anze Kopitar.
2:54 of 2nd period - Shot Misses the Net.
2:56 of 2nd period - Snap shot by Teuvo Teravainen.
2:56 of 2nd period - Stopped by Jonathan Quick without a rebound.
2:57 of 2nd period - Joe Thornton wins face-off versus Gilbert Brule in Islanders zone.
2:59 of 2nd period - Minor Penalty to Jay Bouwmeester for Elbowing.
3:00 of 2nd period - Nathan MacKinnon wins face-off versus Joe Thornton in Islanders zone.
3:14 of 2nd period - Snap shot by Gabriel Landeskog.
3:14 of 2nd period - Shot Misses the Net.
3:26 of 2nd period - Justin Falk is hit by Gilbert Brule and loses puck.
3:31 of 2nd period - Snap shot by Teuvo Teravainen.
3:31 of 2nd period - Stopped by Jonathan Quick with a rebound.
3:33 of 2nd period - Slapshot by Adam Larsson.
3:33 of 2nd period - Shot Blocked by Evander Kane.
3:35 of 2nd period - Wrist shot by Teuvo Teravainen.
3:35 of 2nd period - Stopped by Jonathan Quick without a rebound.
3:36 of 2nd period - Gilbert Brule wins face-off versus Joe Thornton in Islanders zone.
3:37 of 2nd period - Slapshot by Niclas Bergfors.
3:37 of 2nd period - Shot Misses the Net.
3:41 of 2nd period - Wrist shot by Gilbert Brule.
3:41 of 2nd period - Stopped by Jonathan Quick with a rebound.
3:43 of 2nd period - Snap shot by Gilbert Brule.
3:43 of 2nd period - Stopped by Jonathan Quick with a rebound.
3:47 of 2nd period - Wrist shot by Niclas Bergfors.
3:47 of 2nd period - Shot Misses the Net.
3:49 of 2nd period - Slapshot by Teuvo Teravainen.
3:49 of 2nd period - Shot Misses the Net.
3:51 of 2nd period - Wrist shot by Niclas Bergfors.
3:51 of 2nd period - Deflect By Teuvo Teravainen.
3:51 of 2nd period - Shot Misses the Net.
3:51 of 2nd period - Puck is out of play.
3:52 of 2nd period - Maxim Talbot wins face-off versus Gabriel Landeskog in Islanders zone.
4:59 of 2nd period - Penalty to Jay Bouwmeester is over, Jay Bouwmeester is back on ice.
5:17 of 2nd period - Evander Kane is hit by Cal Clutterbuck and loses puck.
5:36 of 2nd period - Wrist shot by Adam Pineault.
5:36 of 2nd period - Stopped by Robin Lehner without a rebound.
5:37 of 2nd period - Maxim Talbot wins face-off versus Nathan MacKinnon in Kings zone.
5:41 of 2nd period - Minor Penalty to Dustin Byfuglien for Hooking.
5:42 of 2nd period - Nathan MacKinnon wins face-off versus Joe Thornton in Islanders zone.
6:41 of 2nd period - Joe Thornton is hit by Adam Larsson and loses puck.
7:33 of 2nd period - Nathan MacKinnon is hit by Zac Rinaldo and loses puck.
7:41 of 2nd period - Penalty to Dustin Byfuglien is over, Dustin Byfuglien is back on ice.
7:54 of 2nd period - Icing by Jay Bouwmeester.
7:55 of 2nd period - Mike Comrie wins face-off versus Maxim Talbot in Islanders zone.
8:13 of 2nd period - Off-side.
8:14 of 2nd period - Joe Thornton wins face-off versus Anze Kopitar in neutral zone.
8:17 of 2nd period - Snap shot by Vladimir Tarasenko.
8:17 of 2nd period - Shot Misses the Net.
8:31 of 2nd period - Slapshot by Evander Kane.
8:31 of 2nd period - Stopped by Robin Lehner with a rebound.
8:49 of 2nd period - David Legwand is hit by Gilbert Brule and loses puck.
9:11 of 2nd period - Slapshot by Maxim Talbot.
9:11 of 2nd period - Deflect By Jiri Hudler.
9:11 of 2nd period - Shot Misses the Net.
9:11 of 2nd period - Puck is out of play.
9:12 of 2nd period - Anze Kopitar wins face-off versus Joe Thornton in Kings zone.
9:21 of 2nd period - Anze Kopitar is hit by Vladimir Tarasenko and loses puck.
10:57 of 2nd period - Wrist shot by Evander Kane.
10:57 of 2nd period - Stopped by Robin Lehner without a rebound.
10:58 of 2nd period - David Legwand wins face-off versus Gilbert Brule in Kings zone.
11:01 of 2nd period - Snap shot by Mike Brown.
11:01 of 2nd period - Shot Blocked by Eric Gelinas.
11:03 of 2nd period - Minor Penalty to Brandon Yip for Hooking.
11:04 of 2nd period - Vladimir Tarasenko wins face-off versus Mike Comrie in Kings zone.
11:44 of 2nd period - Off-side.
11:45 of 2nd period - Joe Thornton wins face-off versus Eric Nystrom in neutral zone.
11:58 of 2nd period - Off-side.
11:59 of 2nd period - Mike Comrie wins face-off versus Tomas Fleischmann in neutral zone.
13:03 of 2nd period - Penalty to Brandon Yip is over, Brandon Yip is back on ice.
13:21 of 2nd period - Slapshot by Carl Klingberg.
13:21 of 2nd period - Stopped by Robin Lehner with a rebound.
13:23 of 2nd period - Slapshot by Carl Klingberg.
13:23 of 2nd period - Shot Misses the Net.
13:25 of 2nd period - Wrist shot by Carl Klingberg.
13:25 of 2nd period - Shot Misses the Net.
13:27 of 2nd period - Snap shot by Adam Pineault.
13:27 of 2nd period - Shot Blocked by Adam Larsson.
14:16 of 2nd period - Slapshot by Fedor Tyutin.
14:16 of 2nd period - Shot Blocked by Niclas Bergfors.
14:18 of 2nd period - Snap shot by Joe Thornton.
14:18 of 2nd period - Shot Blocked by Vitaly Vishnevsky.
14:20 of 2nd period - Wrist shot by Dustin Byfuglien.
14:20 of 2nd period - Shot Misses the Net.
14:54 of 2nd period - Minor Penalty to Vitaly Vishnevsky for Roughing.
14:55 of 2nd period - Joe Thornton wins face-off versus Mike Comrie in Kings zone.
15:08 of 2nd period - T.J. Fast is hit by Cal Clutterbuck and loses puck.
16:00 of 2nd period - Mike Comrie is hit by Evander Kane and loses puck.
16:45 of 2nd period - Vladimir Tarasenko is hit by Jake McCabe and loses puck.
16:54 of 2nd period - Penalty to Vitaly Vishnevsky is over, Vitaly Vishnevsky is back on ice.
17:14 of 2nd period - Wrist shot by Matt Martin.
17:14 of 2nd period - Shot Misses the Net.
17:28 of 2nd period - Slapshot by Niclas Bergfors.
17:28 of 2nd period - Stopped by Jonathan Quick without a rebound.
17:29 of 2nd period - Maxim Talbot wins face-off versus Anze Kopitar in Islanders zone.
17:29 of 2nd period - Maxim Talbot is hit by Anze Kopitar.
17:42 of 2nd period - Justin Falk is hit by Niclas Bergfors.
17:48 of 2nd period - Minor Penalty to Adam Larsson for Tripping.
17:49 of 2nd period - Joe Thornton wins face-off versus Mike Comrie in Kings zone.
19:06 of 2nd period - Slapshot by Vitaly Vishnevsky.
19:06 of 2nd period - Deflect By Joe Thornton.
19:06 of 2nd period - Stopped by Jonathan Quick without a rebound.
19:07 of 2nd period - Eric Nystrom wins face-off versus Joe Thornton in Islanders zone.
19:48 of 2nd period - Penalty to Adam Larsson is over, Adam Larsson is back on ice.
Goals for this period are 0 for Kings vs 1 for Islanders.
Shots for this period are 11 for Kings vs 6 for Islanders.
3rd period
0:01 of 3rd period - Gilbert Brule wins face-off versus Joe Thornton in neutral zone.
0:22 of 3rd period - Minor Penalty to Joe Thornton for Holding.
0:23 of 3rd period - Nathan MacKinnon wins face-off versus David Legwand in Islanders zone.
0:34 of 3rd period - Slapshot by Tom Wilson.
0:34 of 3rd period - Shot Misses the Net.
0:36 of 3rd period - Wrist shot by Nathan MacKinnon.
0:36 of 3rd period - Goal by Nathan MacKinnon - Kings : 2 - Islanders : 1.
0:37 of 3rd period - Joe Thornton wins face-off versus Gilbert Brule in neutral zone.
0:40 of 3rd period - Slapshot by Vladimir Tarasenko.
0:40 of 3rd period - Stopped by Robin Lehner with a rebound.
0:42 of 3rd period - Slapshot by Ryan Ellis.
0:42 of 3rd period - Stopped by Robin Lehner without a rebound.
0:43 of 3rd period - Joe Thornton wins face-off versus Gilbert Brule in Kings zone.
0:50 of 3rd period - Slapshot by Evander Kane.
0:50 of 3rd period - Stopped by Robin Lehner with a rebound.
0:52 of 3rd period - Wrist shot by Vladimir Tarasenko.
0:52 of 3rd period - Stopped by Robin Lehner with a rebound.
0:54 of 3rd period - Wrist shot by Jay Bouwmeester.
0:54 of 3rd period - Shot Misses the Net.
0:56 of 3rd period - Wrist shot by Joe Thornton.
0:56 of 3rd period - Shot Misses the Net.
0:58 of 3rd period - Wrist shot by Jay Bouwmeester.
0:58 of 3rd period - Deflect By Adam Larsson.
0:58 of 3rd period - Stopped by Robin Lehner without a rebound.
0:59 of 3rd period - Zac Rinaldo wins face-off versus Anze Kopitar in Kings zone.
1:05 of 3rd period - Minor Penalty to Teuvo Teravainen for Tripping.
1:06 of 3rd period - Joe Thornton wins face-off versus Mike Comrie in Kings zone.
1:12 of 3rd period - Snap shot by Joe Thornton.
1:12 of 3rd period - Stopped by Robin Lehner with a rebound.
1:14 of 3rd period - Snap shot by Evander Kane.
1:14 of 3rd period - Stopped by Robin Lehner with a rebound.
1:16 of 3rd period - Slapshot by Evander Kane.
1:16 of 3rd period - Shot Misses the Net.
1:18 of 3rd period - Wrist shot by Ryan Ellis.
1:18 of 3rd period - Shot Blocked by Jeff Schultz.
2:19 of 3rd period - Icing by David Legwand.
2:20 of 3rd period - Gabriel Landeskog wins face-off versus David Legwand in Islanders zone.
3:03 of 3rd period - Wrist shot by Matt Martin.
3:03 of 3rd period - Shot Blocked by T.J. Fast.
3:05 of 3rd period - Penalty to Teuvo Teravainen is over, Teuvo Teravainen is back on ice.
3:21 of 3rd period - Icing by Matt Martin.
3:22 of 3rd period - Tomas Plekanec wins face-off versus Eric Nystrom in Kings zone.
3:25 of 3rd period - Snap shot by Tomas Plekanec.
3:25 of 3rd period - Goal by Tomas Plekanec - Kings : 2 - Islanders : 2.
3:26 of 3rd period - Joe Thornton wins face-off versus Gabriel Landeskog in neutral zone.
4:57 of 3rd period - Icing by Adam Pineault.
4:58 of 3rd period - Tomas Plekanec wins face-off versus Anze Kopitar in Islanders zone.
5:22 of 3rd period - Wrist shot by Tomas Plekanec.
5:22 of 3rd period - Shot Misses the Net.
5:24 of 3rd period - Slapshot by Jay Bouwmeester.
5:24 of 3rd period - Shot Misses the Net.
5:26 of 3rd period - Wrist shot by Tomas Plekanec.
5:26 of 3rd period - Shot Misses the Net.
5:42 of 3rd period - Slapshot by Ryan Ellis.
5:42 of 3rd period - Deflect By Carl Klingberg.
5:42 of 3rd period - Goal by Carl Klingberg - Kings : 2 - Islanders : 3.
5:43 of 3rd period - Brandon Yip wins face-off versus Joe Thornton in neutral zone.
6:12 of 3rd period - Snap shot by Zac Rinaldo.
6:12 of 3rd period - Stopped by Robin Lehner without a rebound.
6:13 of 3rd period - Anze Kopitar wins face-off versus David Legwand in Kings zone.
6:31 of 3rd period - Icing by David Legwand.
6:32 of 3rd period - David Legwand wins face-off versus Gilbert Brule in Islanders zone.
6:53 of 3rd period - Dustin Byfuglien is hit by Jeff Schultz and loses puck.
7:10 of 3rd period - Slapshot by Dustin Byfuglien.
7:10 of 3rd period - Stopped by Robin Lehner without a rebound.
7:11 of 3rd period - Joe Thornton wins face-off versus Niclas Bergfors in Kings zone.
7:45 of 3rd period - Backhand shot by Brandon Yip.
7:45 of 3rd period - Deflect By Gilbert Brule.
7:45 of 3rd period - Stopped by Jonathan Quick with a rebound.
8:10 of 3rd period - Snap shot by Tomas Plekanec.
8:10 of 3rd period - Shot Blocked by Jeff Schultz.
8:12 of 3rd period - Slapshot by Jay Bouwmeester.
8:12 of 3rd period - Stopped by Robin Lehner with a rebound.
8:24 of 3rd period - Slapshot by Eric Nystrom.
8:24 of 3rd period - Stopped by Jonathan Quick without a rebound.
8:25 of 3rd period - Joe Thornton wins face-off versus Gilbert Brule in Islanders zone.
8:27 of 3rd period - Minor Penalty to Evander Kane for Hooking.
8:28 of 3rd period - Nathan MacKinnon wins face-off versus Joe Thornton in Islanders zone.
8:39 of 3rd period - Minor Penalty to Justin Falk for Holding.
8:40 of 3rd period - David Legwand wins face-off versus Nathan MacKinnon in Islanders zone.
9:32 of 3rd period - Dustin Byfuglien is hit by Nathan MacKinnon and loses puck.
10:27 of 3rd period - Penalty to Evander Kane is over, Evander Kane is back on ice.
10:39 of 3rd period - Penalty to Justin Falk is over, Justin Falk is back on ice.
11:36 of 3rd period - Icing by T.J. Fast.
11:37 of 3rd period - Zac Rinaldo wins face-off versus Nathan MacKinnon in Islanders zone.
11:54 of 3rd period - Wrist shot by Jay Bouwmeester.
11:54 of 3rd period - Stopped by Robin Lehner with a rebound.
12:00 of 3rd period - Ryan Ellis is hit by Teuvo Teravainen and loses puck.
12:13 of 3rd period - Wrist shot by Vladimir Tarasenko.
12:13 of 3rd period - Shot Misses the Net.
13:11 of 3rd period - Slapshot by Brandon Yip.
13:11 of 3rd period - Stopped by Jonathan Quick with a rebound.
13:47 of 3rd period - Snap shot by Maxim Talbot.
13:47 of 3rd period - Stopped by Robin Lehner without a rebound.
13:48 of 3rd period - Evander Kane wins face-off versus Gilbert Brule in Kings zone.
13:51 of 3rd period - Slapshot by Vladimir Tarasenko.
13:51 of 3rd period - Stopped by Robin Lehner without a rebound.
13:52 of 3rd period - Joe Thornton wins face-off versus Gilbert Brule in Kings zone.
14:43 of 3rd period - David Legwand is hit by Niclas Bergfors and loses puck.
15:04 of 3rd period - Dustin Byfuglien is hit by Gilbert Brule and loses puck.
15:13 of 3rd period - Slapshot by Gilbert Brule.
15:13 of 3rd period - Stopped by Jonathan Quick without a rebound.
15:14 of 3rd period - Nathan MacKinnon wins face-off versus Maxim Talbot in Islanders zone.
15:41 of 3rd period - Icing by Brandon Yip.
15:42 of 3rd period - David Legwand wins face-off versus Gilbert Brule in Kings zone.
15:49 of 3rd period - Wrist shot by Mike Brown.
15:49 of 3rd period - Shot Misses the Net.
15:51 of 3rd period - Slapshot by Mike Brown.
15:51 of 3rd period - Shot Blocked by Jeff Schultz.
15:53 of 3rd period - Backhand shot by David Legwand.
15:53 of 3rd period - Stopped by Robin Lehner with a rebound.
16:57 of 3rd period - Vitaly Vishnevsky is hit by Zac Rinaldo and loses puck.
17:20 of 3rd period - Snap shot by Nathan MacKinnon.
17:20 of 3rd period - Stopped by Jonathan Quick without a rebound.
17:21 of 3rd period - Nathan MacKinnon wins face-off versus Maxim Talbot in Islanders zone.
17:28 of 3rd period - Wrist shot by Nathan MacKinnon.
17:28 of 3rd period - Stopped by Jonathan Quick with a rebound.
17:48 of 3rd period - Vladimir Tarasenko is hit by Jeff Schultz and loses puck.
18:13 of 3rd period - Slapshot by Mike Brown.
18:13 of 3rd period - Shot Misses the Net.
18:23 of 3rd period - Zac Rinaldo is hit by Teuvo Teravainen and loses puck.
18:54 of 3rd period - Slapshot by Jay Bouwmeester.
18:54 of 3rd period - Shot Blocked by Niclas Bergfors.
19:00 of 3rd period - Kings, Robin Lehner is pulled from the net.
19:06 of 3rd period - Slapshot by Gabriel Landeskog.
19:06 of 3rd period - Stopped by Jonathan Quick with a rebound.
19:08 of 3rd period - Wrist shot by Anze Kopitar.
19:08 of 3rd period - Stopped by Jonathan Quick without a rebound.
19:09 of 3rd period - Ken Hitchcock call a timeout for Kings.
19:09 of 3rd period - Evander Kane wins face-off versus Anze Kopitar in Islanders zone.
19:20 of 3rd period - Snap shot by Joe Thornton.
19:20 of 3rd period - Goal by Joe Thornton - Kings : 2 - Islanders : 4.
19:20 of 3rd period - Robin Lehner from Kings was sent back in the game.
19:21 of 3rd period - Maxim Talbot wins face-off versus Nathan MacKinnon in neutral zone.
Goals for this period are 1 for Kings vs 3 for Islanders.
Shots for this period are 9 for Kings vs 17 for Islanders.